 Dungeon Crawl Stone Soup version 0.29-a0-320-g9f8742066b (webtiles) character file.

Game seed: 4401892153471449721

163 dracfodder the Chopper (level 5, -13/33 HPs)
             Began as a Gargoyle Berserker on Apr 2, 2022.
             Was a Believer of Trog.
             Killed from afar by Ijyb (26 damage)
             ... with a bolt of acid
             ... on level 3 of the Dungeon.
             The game lasted 00:04:28 (1616 turns).

dracfodder the Chopper (Gargoyle Berserker)         Turns: 1616, Time: 00:04:29

Health: -13/33     AC:  4    Str: 23    XL:     5   Next: 44%
Magic:  5/5        EV: 12    Int:  7    God:    Trog [**....]
Gold:   57         SH:  0    Dex:  9    Spells: 4/4 levels left

rFire   . . .      SeeInvis .   a - +0 hand axe
rCold   . . .      Faith    .   (no shield)
rNeg    + . .      Spirit   .   b - +0 animal skin
rPois   ∞          Reflect  .   (no helmet)
rElec   +          Harm     .   (no cloak)
rCorr   .          Rampage  .   c - +1 pair of gloves
Will    .....                   (no boots)
Stlth   +.........              (no amulet)
HPRegen 0.11/turn               (no ring)
MPRegen 0.09/turn               (no ring)

@: corroded, on berserk cooldown, slowed, very slow
A: sickness immunity, AC +4, negative energy resistance 1, electricity
resistance, torment resistance 1, petrification resistance
a: Renounce Religion, Berserk, Trog's Hand


You were on level 3 of the Dungeon.
You worshipped Trog.
Trog was pleased with you.
You visited 1 branch of the dungeon, and saw 3 of its levels.

You collected 57 gold pieces.

Inventory:

Hand Weapons
 a - a +0 hand axe (weapon)
Armour
 b - a +0 animal skin (worn)
 c - a +1 pair of gloves (worn)
Wands
 l - a wand of iceblast (8)
Potions
 e - 2 potions of lignification
 g - a potion of might {unknown}
 h - a potion of attraction {unknown}
 k - a potion of berserk rage {unknown}
 m - a potion of brilliance {unknown}
 n - a potion of haste {unknown}


   Skills:
 * Level 3.6 Fighting
 * Level 5.0 Axes
 + Level 2.3 Armour
 + Level 2.0 Dodging
 + Level 0.3 Stealth


You had 4 spell levels left.
You didn't know any spells.
Your spell library was empty.

Dungeon Overview and Level Annotations

Branches:
Dungeon (3/15)

Altars:

Annotations:
D:3 Ijyb


Innate Abilities, Weirdness & Mutations

You are immune to sickness and miasma.
Your stone body is resilient. (AC +4)
You are immune to poison.
You resist negative energy. (rN+)
You are resistant to electric shocks. (rElec)
You are resistant to unholy torment.
You are immune to petrification.


Message History

You kill the black bear!
Trog accepts your kill.
Natasha, Servant of Life and Death comes into view.
She is carrying a wand of flame (11).
You have reached level 4!
You feel stronger.
You have reached level 5!
You slash Natasha!
Natasha is severely wounded.
You slash Natasha!
You kill Natasha!
Trog accepts your kill.
You can now call upon Trog for regeneration and willpower.
Trog appreciates your killing of a magic user.
Natasha screams in pain as she dies!
Your Axes skill increases to level 5!
Your Dodging skill increases to level 2!
You start resting.
You feel a strong urge to attack something.
You start resting.
You are no longer berserk.
You are exhausted.
You feel yourself slow down.
You start resting.
Ijyb the Twisted Goblin comes into view.
She is wielding a +0 club and carrying a wand of acid (7).
Ijyb shouts!
You see here the felid corpse of Natasha.
Ijyb zaps a wand.
The bolt of acid hits you. The acid corrodes you!
Aiming: Iceblast
Press: ? - help, Shift-Dir - straight line, f - Ijyb
Aim: Ijyb, wielding a +0 club, wearing a +0 leather armour and carrying a wand of acid (6)
The mass of ice explodes!
The iceblast engulfs Ijyb!
Ijyb is heavily wounded.
Aiming: Iceblast
Press: ? - help, Shift-Dir - straight line, f/p - Ijyb
Aim: Ijyb, wielding a +0 club, wearing a +0 leather armour and carrying a wand of acid (6) (heavily wounded)
The mass of ice explodes!
The iceblast engulfs Ijyb.
Ijyb is severely wounded.
Ijyb zaps a wand.
The bolt of acid hits you!!
Ouch! That really hurt!
You die...

#........>
#...(...#
#.......# .#
#......# .#
#......####.###.
#.....<#........
#......#........
####.###.†......
#)...@#.†......
#.....†.g......
#..............
#.....#........
#.....#........
#.....#........
#######........
#########


You could see Ijyb.

Vanquished Creatures
  A black bear (D:3)
  Natasha (D:3)
  An adder (D:2)
  6 ball pythons
  4 bats
  5 endoplasms
  3 giant cockroaches
  2 hobgoblins
  4 jackals (D:1)
  4 quokkas
  4 frilled lizards
  2 goblins
  4 kobolds
  A rat (D:1)
42 creatures vanquished.

Vanquished Creatures (others)
  30 plants (D:1)
30 creatures vanquished.

Grand Total: 72 creatures vanquished

Notes
Turn   | Place    | Note
-------+----------+-------------------------------------------
     0 | D:1      | dracfodder the Gargoyle Berserker began the quest for the
                  | Orb.
     0 | D:1      | Reached XP level 1. HP: 14/14 MP: 1/1
    44 | D:1      | Reached skill level 3 in Axes
    53 | D:1      | Reached XP level 2. HP: 13/19 MP: 2/2
   207 | D:1      | Found a faded altar of an unknown god.
   697 | D:1      | Reached XP level 3. HP: 19/23 MP: 3/3
  1372 | D:2      | Reached skill level 4 in Axes
  1594 | D:3      | Noticed a black bear
  1603 | D:3      | Killed a black bear
  1603 | D:3      | Noticed Natasha
  1604 | D:3      | Reached XP level 4. HP: 20/28 MP: 4/4
  1604 | D:3      | Reached XP level 5. HP: 22/32 MP: 5/5
  1605 | D:3      | Killed Natasha
  1605 | D:3      | Reached ** piety under Trog
  1606 | D:3      | Reached skill level 5 in Axes
  1610 | D:3      | Noticed Ijyb
  1616 | D:3      | Killed from afar by Ijyb

Illustrated notes

Levels and vault maps discovered:
D:1:      roderic_crop_circles_arrival_small, layout_rooms,
          hellmonk_ecumenical_altar_run_dry
D:2:      layout_loops_ring
D:3:      layout_rooms, uniq_grinder, uniq_ijyb, uniq_natasha

Skill      XL: |  1  2  3  4  5 |
---------------+----------------+-----
Axes           | 3 4 5 |  5.0
Dodging        | 2 |  2.0
Fighting       | |  3.6
Armour         | |  2.3
Stealth        | |  0.3

Action                   |  1- 3 |  4- 6 || total
-------------------------+-------+-------++-------
Melee: Hand axe          |    96 |     2 ||    98
       Punch             |     3 |       ||     3
Invok: Berserk           |     2 |       ||     2
Evoke: Wand              |       |     2 ||     2
  Use: Scroll            |     4 |       ||     4
Armor: Animal skin       |    47 |       ||    47
Dodge: Dodged            |    69 |       ||    69

Table legend: (Time is in decaauts)
 A = Elapsed time spent in this place.
 B = Non-inter-level travel time spent in this place.
 C = Inter-level travel time spent in this place.
 D = Time resting spent in this place.
 E = Time spent auto-exploring this place.
 F = Levels seen in this place.
 G = Mean time per level.
                   A        B        C        D        E       F      G
               +--------+--------+--------+--------+--------+-----+--------+
         Total |   1634 |   1603 |     31 |    232 |   1079 |   3 |  544.7 |
       Dungeon |   1634 |   1603 |     31 |    232 |   1079 |   3 |  544.7 |
               +--------+--------+--------+--------+--------+-----+--------+

Top non-repeatable levels by time:
     D:1: 837 daAuts
     D:2: 763 daAuts
     D:3: 33 daAuts
